 Dungeon Crawl Stone Soup version 0.18-a0-1805-g8ab820f (webtiles) character file.

492 varam the Covert (level 6, 19/28 HPs)
             Began as a Spriggan Enchanter on Apr 26, 2016.
             Quit the game on level 3 of the Dungeon.
             The game lasted 00:16:11 (4902 turns).

varam the Covert (Spriggan Enchanter)               Turns: 4902, Time: 00:16:12

Health: 19/28      AC:  4    Str:  4    XL:     6   Next: 91%
Magic:  8/13       EV: 18    Int: 17    God:
Gold:   268        SH:  0    Dex: 18    Spells: 3 memorised, 7 levels left

rFire  + . .     SeeInvis +     a - +1 dagger
rCold  . . .     Gourm    .     b - +1 robe
rNeg   . . .     Faith    .     (shield restricted)
rPois  .         Spirit   .     (helmet restricted)
rElec  .         Dismiss  .     w - +0 cloak
rCorr  +         Reflect  .     (gloves unavailable)
SustAt .         Harm     .     (boots unavailable)
MR     +....                    (no amulet)
Stlth  ++++......               f - ring of protection from fire
                                e - ring of resist corrosion

@: very quick, somewhat resistant to hostile enchantments, stealthy
A: unfitting armour, see invisible, herbivore 3, speed 3, slow metabolism 2
a: no special abilities


You were on level 3 of the Dungeon.
You were full.

You visited 2 branches of the dungeon, and saw 8 of its levels.

You collected 268 gold pieces.

Inventory:

Hand Weapons
 a - a +1 dagger (weapon)
 k - a +1 spear of piercing
Armour
 b - a +1 robe (worn)
 w - a +0 cloak (worn)
Jewellery
 e - a ring of resist corrosion (left hand)
 f - a ring of protection from fire (right hand)
 v - a +4 ring of evasion {unknown}
 y - an uncursed amulet of harm {unknown}
Scrolls
 l - 2 scrolls of fog
 m - 2 scrolls of identify
 n - a scroll of blinking {unknown}
 o - a scroll of amnesia
 t - 2 scrolls of remove curse
 u - a scroll of magic mapping {unknown}
Potions
 d - a potion of resistance {unknown}
 g - 2 potions of flight {unknown}
 h - a potion of might {unknown}
 i - a potion of mutation {unknown}
 j - a potion of degeneration {unknown}
 p - a potion of ambrosia {unknown}
 q - 2 potions of lignification {unknown}
 r - a potion of cancellation {unknown}
 x - a potion of heal wounds {unknown}
 z - a potion of brilliance {unknown}
Books
 c - a book of Maledictions

   Spells                             Type                      Level
   a - Corona                         Hexes                        1
   b - Ensorcelled Hibernation        Hexes/Ice                    2
   c - Confuse                        Hexes                        3
   d - Tukima's Dance                 Hexes                        3
   e - Dazzling Spray                 Conjuration/Hexes            3
Comestibles
 s - a bread ration


   Skills:
 - Level 5.0 Short Blades
 - Level 3.0 Dodging
 - Level 8.0 Stealth
 + Level 4.0 Spellcasting
 + Level 4.8 Hexes


You had 7 spell levels left.
You knew the following spells:

 Your Spells              Type           Power        Failure   Level  Hunger
a - Ensorcelled Hibernat  Hex/Ice        ##....       12%         2    ##.....
b - Corona                Hex            ###....      2%          1    None
c - Confuse               Hex            ###.....     10%         3    ###....


Dungeon Overview and Level Annotations

Branches:
Dungeon (7/15)             Temple (1/1) D:5

Altars:
Elyvilon
Fedhas
Gozag
Nemelex Xobeh
Qazlal
Ru
Sif Muna
Trog
Yredelemnul
Beogh

Annotations:
D:5 Pikel


Innate Abilities, Weirdness & Mutations

You are tiny and cannot use many weapons and most armour.
You have supernaturally acute eyesight.
You are a herbivore.
You cover ground extremely quickly.
You need consume almost no food.


Message History

Found 12 gold pieces.
You now have 237 gold pieces (gained 10).
There is an open door here.
You now have 256 gold pieces (gained 19).
There is an open door here.
You now have 268 gold pieces (gained 12).
You open the door. 2 orcs, an orc priest and an orc wizard come into view.
The orc priest shouts!
Found 51 gold pieces.
Found a roughly hewn altar of Beogh.
The orc priest casts a cantrip, but nothing happens.
A goblin comes into view. It is wielding a dagger.
There is an open door here.
Items here: )) [ † a mace; a dagger; a robe; an orc corpse
There is a stone staircase leading up here.
You can't go down here!
You climb upwards.
There is a stone staircase leading down here.
Are you sure you want to abandon this character and quit the game? (Confirm with "yes".)

#...#.#...........# #.
#####.#.....).....# #.
#...###.....### #.
#..####.....#####.
########.###.......##....
#........###.......#..##.
#.........#...#....#.###.
#.........#.#.#^..#..# #.
#.......@.....#......###.
#........)..###...#......
#........#..###...#.#....
#........#...####.#.#....
#[<......##..# #.#......
###########.(# #.#.####.
##..####...# #.
#.....##...# #.
#.###.#..######.


There were no monsters in sight!

Vanquished Creatures
  Sigmund (D:3)
  An orc priest (D:4)
  Ijyb (D:3)
  An orc wizard (D:4)
  A worker ant (D:4)
  A hound skeleton (D:4)
  3 gnolls (D:2)
  8 adders
  An ooze (D:1)
  3 worms (D:2)
  3 dart slugs
  A giant gecko (D:2)
  10 orcs
  2 giant cockroaches
  9 goblins
  7 hobgoblins
  2 jackals (D:3)
  A quokka (D:2)
  16 bats
  A giant gecko zombie (D:6)
  5 giant newts
  20 kobolds
  9 rats
107 creatures vanquished.

Vanquished Creatures (others)
  A plant (D:2)
1 creature vanquished.

Grand Total: 108 creatures vanquished

Notes
Turn   | Place    | Note
--------------------------------------------------------------
     0 | D:1      | varam the Spriggan Enchanter began the quest for the Orb.
     0 | D:1      | Reached XP level 1. HP: 9/9 MP: 5/5
     6 | D:1      | Noticed an anaconda
     6 | D:1      | Noticed a polar bear
     6 | D:1      | Noticed a rime drake
     6 | D:1      | Noticed a hog
   156 | D:1      | Reached XP level 2. HP: 8/13 MP: 6/6
   197 | D:1      | Learned a level 2 spell: Ensorcelled Hibernation
   533 | D:1      | Reached skill level 5 in Stealth
   803 | D:2      | Reached XP level 3. HP: 16/16 MP: 5/8
  1023 | D:2      | Found a basalt altar of Yredelemnul.
  1042 | D:2      | Found a bloodstained altar of Trog.
  1146 | D:2      | Reached skill level 6 in Stealth
  1146 | D:2      | Reached XP level 4. HP: 21/21 MP: 7/9
  1250 | D:3      | Noticed Ijyb
  1332 | D:3      | Noticed Sigmund
  1492 | D:3      | Killed Sigmund
  1492 | D:3      | Reached skill level 7 in Stealth
  1492 | D:3      | Reached XP level 5. HP: 24/24 MP: 7/10
  1614 | D:3      | Reached XP level 6. HP: 28/28 MP: 11/11
  1867 | D:3      | Learned a level 3 spell: Confuse
  2098 | D:3      | Reached skill level 5 in Short Blades
  2236 | D:3      | Found a stormy altar of Qazlal.
  2245 | D:3      | You fall through a shaft for 3 floors!
  2246 | D:6      | Reached skill level 8 in Stealth
  2311 | D:5      | Entered Level 5 of the Dungeon
  2319 | D:5      | Noticed Pikel
  2320 | D:5      | Noticed a slave
  2321 | D:5      | Noticed a slave
  2321 | D:5      | Noticed a slave
  2797 | D:5      | Noticed a slave
  2807 | D:5      | Found a staircase to the Ecumenical Temple.
  2816 | Temple   | Entered the Ecumenical Temple
  3849 | D:3      | Killed Ijyb
  4884 | D:4      | Found a roughly hewn altar of Beogh.
  4902 | D:3      | Quit the game

Vault maps used:
D:1:      onia_arrival_zoo_common
D:2:      overflow_temple_1_default, nicolae_overflow_crystal_walls,
          lexackson_kobold_supper
D:3:      grunt_qazlal_sundering, roderic_batcave, minmay_goblin_outpost,
          uniq_sigmund, uniq_iyjb
D:4:      nicolae_tso_besieged_by_evil, minivault_1, kennysheep_orc_chapel
D:5:      zin_academy, temple_statues, first_bread, uniq_pikel
D:6:      grunt_dithmenos_smoke
D:7:      gammafunk_temple_overflow_elements, nicolae_overflow_hidden_temple,
          serial_shops, kennysheep_mini_moat, ashenzari_altar_1, uniq_joseph
Temple:   circular_temple_6

Skill      XL: |  1  2  3  4  5  6 |
---------------+-------------------+-----
Short Blades   | 2 3 4 5 |  5.0
Stealth        | 5 6 7 8 |  8.0
Spellcasting   | 4 |  4.0
Hexes          | 4 |  4.8
Dodging        | |  3.0

Action                   |  1- 3 |  4- 6 || total
-------------------------+-------+-------++-------
Melee: Dagger            |    55 |   231 ||   286
 Cast: Ensorcelled Hiber |     8 |    34 ||    42
       Confuse           |       |    41 ||    41
  Use: Scroll            |       |     6 ||     6
 Stab: Sleeping          |    23 |    39 ||    62
       Confused          |       |    16 ||    16
  Eat: Bread ration      |       |     2 ||     2
       Pizza             |       |     1 ||     1
Armor: Robe              |     1 |    37 ||    38
Dodge: Dodged            |    23 |   216 ||   239
